 Dungeon Crawl Stone Soup version 0.26-a0-949-ga0cc1ef5f6 (webtiles) character file.

Game seed: 6701687530419155303

8712 miscthings the Slinger (level 11, -2/74 HPs)
             Began as a Halfling Hunter on Nov 28, 2020.
             Was an Elder of Okawaru.
             Slain by Snorg (18 damage)
             ... on level 10 of the Dungeon.
             The game lasted 00:22:00 (10316 turns).

miscthings the Slinger (Halfling Hunter)           Turns: 10316, Time: 00:22:00

Health: -2/74      AC:  9    Str: 15      XL:     11   Next: 60%
Magic:  0/16       EV: 20    Int: 10      God:    Okawaru [****..]
Gold:   499        SH: 10    Dex: 20 (22) Spells: 10/10 levels left

rFire    . . .     SeeInvis .   a - +2 hunting sling
rCold    . . .     Faith    .   w - +3 buckler
rNeg     . . .     Spirit   +   N - +0 troll leather armour
rPois    +         Reflect  .   P - +0 helmet
rElec    .         Harm     .   k - +0 cloak
rCorr    .         Rampage  .   z - +0 pair of gloves
MR       .....                  (no boots)
Stlth    ++........             E - amulet of guardian spirit
HPRegen  0.62/turn              R - +6 ring of dexterity
MPRegen  0.15/turn              F - ring of poison resistance

@: no status effects
A: small, mutation resistance 1
a: Heroism, Renounce Religion


You were on level 10 of the Dungeon.
You worshipped Okawaru.
Okawaru was greatly pleased with you.
You visited 2 branches of the dungeon, and saw 11 of its levels.

You collected 564 gold pieces.
You spent 65 gold pieces at shops.

Inventory:

Hand Weapons
 a - a +2 hunting sling (weapon)
 B - the +7 falchion "Dazxua Fofa" {flame, rF+ Int+5}
   (You found it on level 6 of the Dungeon)

   It has been specially enchanted to burn those struck by it, causing extra
   injury to most foes and up to half again as much damage against particularly
   susceptible opponents.
   Big, fiery blades are also staple armaments of hydra-hunters.
   It affects your intelligence (+5).
   It protects you from fire.
Missiles
 d - 111 sling bullets (quivered)
 n - 58 stones
 J - 2 throwing nets
Armour
 k - a +0 cloak (worn)
 w - a +3 buckler (worn)
 z - a +0 pair of gloves (worn)
 M - a +2 robe of positive energy
 N - a +0 troll leather armour (worn)
 P - a +0 helmet (worn)
Jewellery
 j - an uncursed ring of protection from cold
 m - an uncursed ring of resist corrosion
 E - an amulet of guardian spirit (around neck)
 F - a ring of poison resistance (right hand)
 R - a +6 ring of dexterity (left hand)
 S - an uncursed ring of positive energy {unknown}
Wands
 r - a wand of acid (6)
 u - a wand of enslavement (4)
 C - a wand of flame (22)
 T - a wand of disintegration (10)
Scrolls
 b - a scroll of enchant weapon
 e - 6 scrolls of remove curse
 l - 2 scrolls of magic mapping
 o - 8 scrolls of teleportation
 p - 2 scrolls of blinking
 q - 2 scrolls of fog
 y - a scroll of acquirement {unknown}
 D - a scroll of enchant armour
 H - 2 scrolls of immolation {unknown}
 I - 2 scrolls of fear {unknown}
 L - a scroll of amnesia
Potions
 c - 3 potions of ambrosia {unknown}
 f - a potion of cancellation
 g - 4 potions of haste
 h - 3 potions of heal wounds
 i - 2 potions of lignification
 s - a potion of berserk rage
 t - a potion of magic
 v - a potion of resistance
 x - 3 potions of flight
 A - a potion of mutation
 G - 2 potions of attraction
 K - a potion of curing
 O - 3 potions of brilliance


   Skills:
 + Level 6.4 Fighting
 - Level 14.0 Slings
 + Level 7.3 Armour
 + Level 7.6 Dodging
 - Level 1.1 Stealth
 - Level 6.0 Shields
 + Level 7.3 Invocations


You had 10 spell levels left.
You didn't know any spells.
Your spell library contained the following spells:

 Spells                   Type           Power        Failure   Level
 Magic Dart               Conj           #...         41%         1
 Searing Ray              Conj           #.....       56%         2
 Dazzling Flash           Conj/Hex       #.....       80%         3
 Fulminant Prism          Conj/Hex       #.........   99%         4
 Iskenderun's Mystic Bla  Conj/Tloc      #.......     99%         4


Dungeon Overview and Level Annotations

Branches:
Dungeon (10/15)            Temple (1/1) D:5
   Lair: D:8-11         Orc: D:9-12

Altars:
Ashenzari
Cheibriados
Elyvilon
Kikubaaqudgha
Nemelex Xobeh
Okawaru
Qazlal
Ru
Sif Muna
Trog
Uskayaw
Vehumet
Wu Jian
Xom

Shops:
D:5 (   D:6 *   D:8 ?

Annotations:
D:10 Snorg


Innate Abilities, Weirdness & Mutations

You are small and have problems with some larger weapons.
You are somewhat resistant to further mutation.


Message History

Snorg bites you!! Snorg claws you. You block Snorg's attack. x2
Snorg claws you! Snorg barely misses you.
Evoke which item? (* to show all) (? for menu, Esc to quit)
Aiming: Corrosive Bolt
Press: ? - help, Shift-Dir - straight line, f/p - Snorg
Aim: Snorg (heavily wounded, berserk, covered in acid, 29% to evade)
The bolt of acid hits Snorg!
Snorg is splashed with acid.
Snorg seems to be corroded for longer.
Snorg is severely wounded.
You block Snorg's attack. x2; Snorg claws you!
* * * LOW HITPOINT WARNING * * *
Evoke which item? (* to show all) (? for menu, Esc to quit)
Aiming: Corrosive Bolt
Press: ? - help, Shift-Dir - straight line, f/p - Snorg
Aim: Snorg (severely wounded, berserk, covered in acid, 29% to evade)
The bolt of acid hits Snorg!
Snorg is splashed with acid!
Snorg is almost dead.
You block Snorg's attack. Snorg closely misses you. You block Snorg's attack.
Snorg bites you!!
You die...

..................#
#...##.####..##...#
#...##.# #..##...#
#...#..####..##...#
#...#........##...#
#...#..#.#...##...#
#...##.......##...#
#...##.#.#...##...##
#...##.......##.@..#
........###..##T##+#
....##.## #...(.#
##..##.# #(((..#
##..##. #(....#
##...# ..(#####
##..... ... ##..#.#.
(. ##.......


You could see Snorg (berserk, corroded).

Vanquished Creatures
  Harold (D:7)
  A two-headed ogre (D:9)
  Pikel (D:6)
  Maurice (D:8)
  A centaur zombie (D:10)
  Psyche (D:8)
  A troll (D:9)
  Sigmund (D:6)
  3 yaks
  2 wyverns (D:9)
  Eustachio (D:4)
  Menkaure (D:6)
  Edmund (D:4)
  4 water moccasins
  Duvessa (D:4)
  2 black bears
  4 orc warriors
  An ice beast (D:8)
  5 ogres
  3 centaurs
  2 lemures (D:6)
  A big kobold (D:6)
  Blork the orc (D:6)
  2 bullfrogs
  A wyvern skeleton (D:8)
  9 scorpions
  Dowan (D:4)
  A water moccasin skeleton (D:7)
  7 wights
  A howler monkey (D:4)
  A bullfrog zombie (D:5)
  A quasit (D:9)
  3 jellies
  5 hounds
  A bullfrog skeleton (D:10)
  9 orc priests
  A gnoll shaman (D:6)
  2 iguanas
  9 orc wizards
  Natasha (thrice) (D:2)
  2 worker ants
  A worker ant zombie (D:8)
  9 gnolls
  A howler monkey skeleton (D:8)
  15 adders
  2 shadow imps
  A white imp (D:7)
  2 ufetubi
  2 oozes
  3 adder zombies
  3 adder skeletons
  5 worms
  5 dart slugs
  3 leopard geckos
  36 orcs
  9 bats
  6 giant cockroaches
  10 goblins
  11 hobgoblins
  8 jackals
  5 quokkas
  3 ball pythons
  5 frilled lizards
  14 kobolds
  A quokka skeleton (D:7)
  8 rats
267 creatures vanquished.

Vanquished Creatures (collateral kills)
  An orc (D:10)
1 creature vanquished.

Vanquished Creatures (others)
  An orc (D:10)
1 creature vanquished.

Grand Total: 269 creatures vanquished

Notes
Turn   | Place    | Note
-------+----------+-------------------------------------------
     0 | D:1      | miscthings the Halfling Hunter began the quest for the Orb.
     0 | D:1      | Reached XP level 1. HP: 14/14 MP: 1/1
    55 | D:1      | Reached skill level 6 in Slings
    55 | D:1      | Reached XP level 2. HP: 9/19 MP: 2/2
   318 | D:1      | Reached skill level 7 in Slings
   318 | D:1      | Reached XP level 3. HP: 24/24 MP: 3/3
   955 | D:1      | Reached XP level 4. HP: 29/29 MP: 4/4
  1100 | D:2      | Reached skill level 8 in Slings
  1158 | D:2      | Noticed Natasha
  1165 | D:2      | Killed Natasha
  1192 | D:2      | Reached XP level 5. HP: 34/34 MP: 5/5
  1248 | D:2      | Noticed Natasha
  1281 | D:2      | Killed Natasha
  1282 | D:2      | Reached skill level 9 in Slings
  1620 | D:2      | Noticed Natasha
  1624 | D:2      | Killed Natasha
  1625 | D:2      | Reached XP level 6. HP: 39/39 MP: 6/6
  1848 | D:4      | Noticed an ogre
  1855 | D:4      | Killed an ogre
  1856 | D:4      | Reached skill level 10 in Slings
  1936 | D:4      | Noticed an ogre
  1942 | D:4      | Killed an ogre
  1943 | D:4      | Reached skill level 11 in Slings
  1943 | D:4      | Reached XP level 7. HP: 39/44 MP: 7/7
  1960 | D:4      | Noticed Dowan
  1970 | D:4      | Killed Dowan
  1974 | D:4      | Noticed Eustachio
  2009 | D:4      | Killed Eustachio
  2010 | D:4      | Reached skill level 12 in Slings
  2011 | D:4      | Noticed Duvessa
  2073 | D:4      | Killed Duvessa
  2384 | D:5      | Entered Level 5 of the Dungeon
  2392 | D:5      | Reached XP level 8. HP: 49/49 MP: 8/8
  2397 | D:5      | Reached skill level 13 in Slings
  2518 | D:5      | Found a staircase to the Ecumenical Temple.
  2532 | Temple   | Entered the Ecumenical Temple
  2555 | Temple   | Became a worshipper of Warmaster Okawaru
  3166 | D:4      | Reached skill level 14 in Slings
  3208 | D:4      | Noticed Edmund
  3285 | D:4      | Killed Edmund
  3285 | D:4      | Reached * piety under Okawaru
  3286 | D:4      | Reached skill level 1 in Armour
  3286 | D:4      | Reached skill level 1 in Shields
  3440 | D:4      | Reached skill level 1 in Invocations
  4441 | D:5      | Reached XP level 9. HP: 54/54 MP: 10/10
  4534 | D:5      | Found Uciaryef's Antique Weapon Shop.
  4928 | D:6      | Noticed Sigmund
  4930 | D:6      | Got a transparent falchion
  4957 | D:5      | Identified the +7 falchion "Dazxua Fofa" {flame, rF+ Int+5}
                  | (You found it on level 6 of the Dungeon)
  5071 | D:6      | Found Iggekoah's Lightly-Used Armoury.
  5526 | D:6      | Noticed Pikel
  5559 | D:6      | Killed Pikel
  5559 | D:6      | Reached ** piety under Okawaru
  5603 | D:6      | Reached skill level 5 in Shields
  5712 | D:6      | Noticed Blork the orc
  5726 | D:6      | Killed Blork the orc
  5840 | D:6      | Found a snail-covered altar of Cheibriados.
  5840 | D:6      | Noticed Menkaure
  5845 | D:6      | Killed Menkaure
  5881 | D:6      | Killed Sigmund
  5882 | D:6      | Reached XP level 10. HP: 60/63 MP: 12/12
  5961 | D:7      | Reached *** piety under Okawaru
  6457 | D:7      | Noticed Harold
  6530 | D:7      | Killed Harold
  6530 | D:7      | Received a gift from Okawaru
  6531 | D:7      | Reached skill level 5 in Armour
  6531 | D:7      | Reached skill level 5 in Dodging
  6531 | D:7      | Reached skill level 5 in Invocations
  7158 | D:8      | Noticed Psyche
  7175 | D:8      | Killed Psyche
  7175 | D:8      | Received a gift from Okawaru
  7176 | D:8      | Reached skill level 5 in Fighting
  7445 | D:8      | Found Ducomm's Magic Scroll Emporium.
  7448 | D:8      | Bought a scroll of teleportation for 39 gold pieces
  7448 | D:8      | Bought a scroll of fog for 26 gold pieces
  7627 | D:8      | Noticed Maurice
  7641 | D:8      | Killed Maurice
  7641 | D:8      | Received a gift from Okawaru
  7641 | D:8      | Reached **** piety under Okawaru
  7642 | D:8      | Reached XP level 11. HP: 54/72 MP: 15/15
  8766 | D:9      | Received a gift from Okawaru
  9113 | D:9      | Noticed a two-headed ogre
  9126 | D:9      | Killed a two-headed ogre
  9126 | D:9      | Received a gift from Okawaru
  9854 | D:10     | Entered Level 10 of the Dungeon
 10045 | D:10     | Received a gift from Okawaru
 10075 | D:10     | Found an iron altar of Okawaru.
 10296 | D:10     | Noticed Snorg
 10316 | D:10     | Slain by Snorg

Illustrated notes

Levels and vault maps discovered:
D:1:      minmay_arrival_jagged, layout_basic
D:2:      layout_rooms, uniq_natasha
D:3:      layout_basic, uniq_crazy_yiuf_cottage
D:4:      layout_basic, uniq_eustachio, uniq_edmund, uniq_duvessa
D:5:      layout_cave_pools, minmay_temple_entry_trees, serial_shops, shop
D:6:      layout_rooms, lemuel_crystal_altar, minmay_shop_damaged, uniq_sigmund,
          uniq_menkaure, uniq_blork_the_orc, uniq_pikel
D:7:      layout_basic, uniq_harold
D:8:      layout_layer_cave, serial_shops, kennysheep_mini_moat, uniq_psyche,
          uniq_maurice
D:9:      layout_rooms
D:10:     layout_long_grid, lair_entry_dummy, orc_0_dummy, basic_altar,
          serial_glass, glass_columns_a, glass_columns_a, glass_columns_b,
          glass_columns_a, glass_columns_a, glass_columns_a, glass_columns_b,
          glass_columns_a, glass_columns_a, glass_columns_b,
          minmay_strange_pillars, minmay_strange_pillars,
          hangedman_abyss_or_decor_clamps, grunt_decor_clamped,
          nicolae_ru_awakened_eye, uniq_snorg, uniq_nergalle, uniq_joseph
Temple:   nicolae_temple_the_god_donut

Skill      XL: |  1  2  3  4  5  6  7  8  9 10 11 |
---------------+----------------------------------+-----
Slings         | 6 7 8 9 11 12 14 | 14.0
Fighting       | 2 3 5 6 |  6.4
Armour         | 1 3 5 7 |  7.3
Shields        | 2 5 6 |  6.0
Invocations    | 1 3 6 7 |  7.3
Dodging        | 4 6 7 |  7.6
Stealth        | |  1.1

Action                   |  1- 3 |  4- 6 |  7- 9 | 10-12 || total
-------------------------+-------+-------+-------+-------++-------
Melee: Falchion          |       |       |       |     7 ||     7
 Fire: Hunting sling     |    70 |   158 |   619 |   687 ||  1534
Throw: Throwing net      |       |       |       |     1 ||     1
       Dart              |       |       |       |     3 ||     3
Evoke: Wand              |       |       |       |     9 ||     9
  Use: Scroll            |       |     7 |     7 |     6 ||    20
       Potion            |       |       |     4 |     1 ||     5
 Stab: Held in net/web   |       |       |       |     3 ||     3
Armor: Leather armour    |       |     6 |    12 |     5 ||    23
       Troll leather arm |       |       |       |    12 ||    12
       Robe              |       |       |       |     7 ||     7
Dodge: Dodged            |    13 |    21 |    80 |   111 ||   225
Block: Buckler           |       |       |    30 |    83 ||   113

Table legend: (Time is in decaauts)
 A = Elapsed time spent in this place.
 B = Non-inter-level travel time spent in this place.
 C = Inter-level travel time spent in this place.
 D = Time resting spent in this place.
 E = Time spent auto-exploring this place.
 F = Levels seen in this place.
 G = Mean time per level.
                   A        B        C        D        E       F      G
               +--------+--------+--------+--------+--------+-----+--------+
         Total |   9728 |   8967 |    761 |    981 |   5747 |  11 |  884.4 |
       Dungeon |   9685 |   8943 |    742 |    981 |   5730 |  10 |  968.5 |
        Temple |     42 |     23 |     19 |      0 |     17 |   1 |   42.0 |
               +--------+--------+--------+--------+--------+-----+--------+

Top non-repeatable levels by time:
     D:8: 1643 daAuts
     D:4: 1380 daAuts
     D:6: 1213 daAuts
     D:1: 1076 daAuts
     D:7: 910 daAuts
     D:9: 879 daAuts
     D:3: 875 daAuts
     D:5: 790 daAuts
     D:2: 589 daAuts
    D:10: 326 daAuts
  Temple: 42 daAuts
